 Dungeon Crawl Stone Soup version 0.31.0-32-g396128a36d (webtiles) character file.

Game seed: 10684977099833494766

10192 NotreDorf the Nimble (level 11, -2/89 HPs)
             Began as a Merfolk Gladiator on Mar 23, 2024.
             Was a Priest of Trog.
             Slain by a skeletal warrior
             ... wielding a +0 scimitar
              (29 damage)
             ... on level 11 of the Dungeon.
             The game lasted 00:35:15 (8714 turns).

NotreDorf the Nimble (Merfolk Gladiator)            Turns: 8714, Time: 00:35:15

Health: -2/89      AC:  9    Str: 19    XL:     11   Next: 58%
Magic:  11/11      EV: 23    Int:  7    God:    Trog [***...]
Gold:   568        SH:  0    Dex: 16    Spells: 10/10 levels left

rFire   . . .        l - +6 scythe (freeze)
rCold   . . .        (shield currently unavailable)
rNeg    . . .        I - +0 acid dragon scales
rPois   .            c - +0 helmet
rElec   .            y - +0 cloak
rCorr   +            h - +0 pair of gloves
SInv    +            (no boots)
Will    .....        A - amulet of the acrobat
Stlth   ++++         w - ring of see invisible
HPRegen 0.34/turn    D - +5 ring of evasion
MPRegen 0.12/turn

%: acrobat
@: no status effects
A: (nimble swimmer 2), mertail, MP-powered wands
a: Renounce Religion, Berserk, Trog's Hand


You were on level 11 of the Dungeon.
You worshipped Trog.
Trog was most pleased with you.
You visited 2 branches of the dungeon, and saw 12 of its levels.

You collected 568 gold pieces.

Inventory:

Hand Weapons
 l - a +6 scythe of freezing (weapon)
 n - the +9 long sword "Gaikk" {flame, ^Contam Will+ SInv}
   (You found it on level 2 of the Dungeon)

   Will+:     It increases your willpower.
   SInv:      It lets you see invisible.
   ^Contam:   It causes magical contamination when unequipped.
Missiles
 a - 6 silver javelins (quivered)
 m - 3 throwing nets
Armour
 c - a +0 helmet (worn)
 h - a +0 pair of gloves (worn)
 y - a +0 cloak (worn)
 I - +0 acid dragon scales (worn)
Jewellery
 u - a ring of protection from cold
 w - a ring of see invisible (left hand)
 A - an amulet of the acrobat (around neck)
 D - a +5 ring of evasion (right hand)
 H - a ring of fire
Wands
 d - a wand of flame (12)
 k - a wand of roots (37)
 o - a wand of polymorph (5)
 q - a wand of mindburst (10)
 t - a wand of charming (17)
Scrolls
 b - a scroll of enchant armour {unknown}
 e - a scroll of immolation
 g - 5 scrolls of fog
 j - a scroll of brand weapon
 F - 2 scrolls of revelation
Potions
 p - a potion of haste {unknown}
 r - 2 potions of heal wounds {unknown}
 s - 2 potions of enlightenment {unknown}
 v - 3 potions of lignification
 x - a potion of berserk rage
 z - 2 potions of curing
 B - a potion of degeneration {unknown}
 C - a potion of might {unknown}
 E - 2 potions of attraction {unknown}
 G - a potion of mutation {unknown}


   Skills:
 + Level 9.6 Fighting
 + Level 9.5 Long Blades
 + Level 9.5 Polearms
 - Level 2.0 Throwing
 + Level 11.7 Dodging
 + Level 10.1 Stealth


You had 10 spell levels left.
You didn't know any spells.
Your spell library contained the following spells:

 Spells                   Type           Power      Damage    Failure   Level
 Shock                    Conj/Air       0%         1d3       52%         1
 Inner Flame              Hex/Fire       0%         N/A       88%         3
 Swiftness                Air            0%         N/A       88%         3
 Airstrike                Air            0%         2d(0-16)  99%         4
 Irradiate                Conj/Alch      0%         3d11      100%        5
 Ignition                 Fire           0%         3d3       100%        8


Dungeon Overview and Level Annotations

Branches:
Dungeon (11/15)            Temple (1/1) D:7            Lair (0/5) D:10
    Orc (0/2) D:9

Altars:
Ashenzari
Cheibriados
Dithmenos
Elyvilon
Fedhas
Gozag
Hepliaklqana
Kikubaaqudgha
Makhleb
Nemelex Xobeh
Okawaru
Qazlal
Ru
Sif Muna
Trog
Uskayaw
Vehumet
Wu Jian
Xom
Yredelemnul
Zin
The Shining One

Shops:
D:5 :   D:9 *   D:10 (

Portals:
Trove: D:10 (give 4 potions of resistance)
Ice
Cave: D:11

Annotations:
D:10 2 runed translucent doors, spaghetti's ghost, journeyman NaCK


Innate Abilities, Weirdness & Mutations

((You are very nimble when in or above water. (Stealth+, EV+, Speed+++)))
Your lower body shifts to a powerful aquatic tail in water.
You expend magic power (3 MP) to strengthen your wands.


Message History

a +0 giant spiked club; a +0 giant club A skeletal warrior comes into view.
It is wielding a +0 hand axe.
You reach to attack!
You hit the skeletal warrior. You freeze the skeletal warrior.
The skeletal warrior is lightly damaged.
You hit the skeletal warrior.
The skeletal warrior is lightly damaged.
The skeletal warrior misses you.
You hit the skeletal warrior but do no damage.
The skeletal warrior is lightly damaged.
The skeletal warrior hits you with a +0 scimitar.
You impale the skeletal warrior!! You freeze the skeletal warrior.
The skeletal warrior is heavily damaged.
The skeletal warrior closely misses you.
You closely miss the skeletal warrior.
The skeletal warrior is heavily damaged.
The skeletal warrior attacks as it pursues you!
The skeletal warrior hits you from afar with a +0 trident!
The skeletal warrior attacks as it pursues you!
The skeletal warrior completely misses you.
The skeletal warrior attacks as it pursues you!
The skeletal warrior misses you.
A wraith comes into view.
The skeletal warrior attacks as it pursues you!
The skeletal warrior completely misses you.
The skeletal warrior attacks as it pursues you!
The skeletal warrior misses you.
The skeletal warrior attacks as it pursues you!
The skeletal warrior hits you but does no damage.
The skeletal warrior attacks as it pursues you!
The skeletal warrior completely misses you.
You slash the skeletal warrior! You freeze the skeletal warrior.
The skeletal warrior is severely damaged.
The skeletal warrior completely misses you.
The skeletal warrior closely misses you.
You barely miss the skeletal warrior.
The skeletal warrior is severely damaged.
The skeletal warrior hits you from afar with a +0 trident!!
The skeletal warrior hits you with a +0 scimitar!!
You die...

.......#........# ........##
#...............###.........
#.............####.......###
#.........................#
###.................#..#...##
#........#.#.......#.#.)...z.
#..........#......#.∩.#......
##...........##.#..#.#.......
#...........@z..#...#..#.....
#.#.#.#.#.....z........###.##
##....................## ...
##.#<#.#...............# ..#
#.........).............W.##
##.#.#.#....#####.........#
#............. #.........#
##.#.#.#...... .....#.....
##................###..#..


You could see 2 skeletal warriors.

Vanquished Creatures
  Erica (D:8)
  A two-headed ogre (D:11)
  A manticore (D:11)
  Maurice (D:7)
  Joseph (D:7)
  A kobold demonologist (D:9)
  5 trolls
  A hornet (D:8)
  A shadow (D:9)
  Sigmund (D:2)
  A wraith (D:9)
  11 yaks
  A steam dragon (D:8)
  4 vampire mosquitoes (D:10)
  Menkaure (D:7)
  3 acid dragons
  An ice beast (D:8)
  2 sky beasts (D:7)
  An ogre (D:6)
  A centaur (D:8)
  3 phantoms
  3 bullfrogs
  2 kobold brigands
  3 scorpions (D:5)
  3 wights (D:9)
  15 killer bees
  A troll zombie (D:9)
  2 howler monkeys (D:9)
  4 bombardier beetles
  5 jellies
  4 orc priests
  A gnoll bouda (D:9)
  5 hounds
  4 iguanas
  Terence (D:2)
  4 orc wizards
  7 ogre zombies (D:9)
  7 gnolls
  5 adders
  2 white imps
  4 ufetubi
  2 dart slugs
  A ribbon worm (D:4)
  19 orcs
  7 ball pythons
  5 endoplasms
  3 giant cockroaches
  3 gnoll zombies (D:9)
  6 goblins
  5 hobgoblins
  4 quokkas
  7 bats
  6 frilled lizards
  2 gnoll skeletons (D:9)
  23 kobolds
  4 orc skeletons (D:9)
  13 orc zombies (D:9)
  5 rats
240 creatures vanquished.

Notes
Turn   | Place    | Note
-------+----------+-------------------------------------------
     0 | D:1      | NotreDorf the Merfolk Gladiator began the quest for the
                  | Orb.
     0 | D:1      | Reached XP level 1. HP: 16/16 MP: 1/1
   196 | D:1      | Reached XP level 2. HP: 21/23 MP: 2/2
   747 | D:2      | Reached XP level 3. HP: 28/28 MP: 3/3
   821 | D:2      | Reached skill level 1 in Stealth
   888 | D:2      | Noticed Terence
   907 | D:2      | Killed Terence
   908 | D:2      | Reached XP level 4. HP: 17/35 MP: 4/4
  1011 | D:2      | Noticed Sigmund
  1022 | D:2      | Killed Sigmund
  1023 | D:2      | Reached skill level 5 in Polearms
  1023 | D:2      | Reached skill level 5 in Dodging
  1023 | D:2      | Reached XP level 5. HP: 35/42 MP: 5/5
  1075 | D:2      | Identified the +9 long sword "Gaikk" {flame, ^Contam Will+
                  | SInv}
  1151 | D:2      | Reached XP level 6. HP: 48/48 MP: 6/6
  1661 | D:3      | Found a faded altar of an unknown god.
  1737 | D:3      | Reached skill level 1 in Long Blades
  2056 | D:4      | Reached skill level 6 in Dodging
  2196 | D:4      | Reached XP level 7. HP: 55/55 MP: 7/7
  2354 | D:5      | Entered Level 5 of the Dungeon
  2451 | D:5      | Found Jycvekud's Self-Improvement Boutique.
  2533 | D:5      | Identified the +0 leather armour "Ikeptoji" {rC+}
  2738 | D:5      | Reached skill level 5 in Fighting
  3116 | D:6      | Gained mutation: You expend magic power (3 MP) to
                  | strengthen your wands. [mutagenic glow]
  3146 | D:6      | Reached skill level 7 in Dodging
  3146 | D:6      | Reached XP level 8. HP: 52/62 MP: 8/8
  3150 | D:6      | Reached skill level 5 in Stealth
  3757 | D:7      | Noticed Joseph
  3797 | D:7      | Killed Joseph
  3798 | D:7      | Reached skill level 5 in Long Blades
  3798 | D:7      | Reached skill level 8 in Dodging
  3903 | D:7      | Noticed Maurice
  3910 | D:7      | Killed Maurice
  3911 | D:7      | Reached XP level 9. HP: 71/71 MP: 0/9
  4052 | D:7      | Noticed Menkaure
  4056 | D:7      | Killed Menkaure
  4286 | D:7      | Reached skill level 9 in Dodging
  4615 | D:7      | Found a staircase to the Ecumenical Temple.
  4624 | Temple   | Entered the Ecumenical Temple
  4734 | Temple   | Became a worshipper of Trog the Wrathful
  4919 | D:8      | Noticed a hornet
  4925 | D:8      | Killed a hornet
  5544 | D:8      | Found a white marble altar of Elyvilon.
  5583 | D:8      | Noticed Erica
  5591 | D:8      | Killed Erica
  5592 | D:8      | Reached skill level 10 in Dodging
  5592 | D:8      | Reached XP level 10. HP: 80/80 MP: 0/10
  6162 | D:9      | Reached * piety under Trog
  6783 | D:9      | Found a staircase to the Orcish Mines.
  7046 | D:9      | Reached ** piety under Trog
  7194 | D:9      | Reached XP level 11. HP: 85/87 MP: 11/11
  7206 | D:9      | Found a broken altar of Ashenzari.
  7209 | D:9      | Reached skill level 11 in Dodging
  7214 | D:9      | Found a shimmering altar of Xom.
  7461 | D:9      | Found Uzuoniph's Gadget Gallery.
  7489 | D:9      | You fall into a shaft and drop 1 floor!
  7489 | D:10     | Entered Level 10 of the Dungeon
  7515 | D:10     | Noticed a cyclops
  7515 | D:10     | Noticed a lich
  7515 | D:10     | Noticed spaghetti's ghost (journeyman NaCK)
  7516 | D:10     | Noticed a skeletal warrior
  7516 | D:10     | Noticed a skeletal warrior
  7517 | D:10     | Noticed a necromancer
  7517 | D:10     | Noticed a wolf spider
  7517 | D:10     | Noticed a yaktaur captain
  7557 | D:10     | Found Qailerol's Firing Range.
  8192 | D:10     | Found a portal to a secret trove of treasure.
  8319 | D:10     | Found a staircase to the Lair.
  8364 | D:10     | Found a hazy altar of Hepliaklqana.
  8421 | D:10     | Found a runed translucent door.
  8425 | D:10     | Found a runed translucent door.
  8644 | D:11     | Noticed a manticore
  8649 | D:11     | Killed a manticore
  8670 | D:11     | Found a frozen archway.
  8677 | D:11     | Reached skill level 10 in Stealth
  8684 | D:11     | Noticed a two-headed ogre
  8688 | D:11     | Noticed a skeletal warrior
  8688 | D:11     | Noticed a skeletal warrior
  8693 | D:11     | Killed a two-headed ogre
  8693 | D:11     | Reached *** piety under Trog
  8694 | D:11     | Noticed a skeletal warrior
  8695 | D:11     | Noticed a skeletal warrior
  8714 | D:11     | Slain by a skeletal warrior

Illustrated notes

Levels and vault maps discovered:
D:1:      dpeg_arrival_signposts, layout_loops_ring
D:2:      layout_basic, uniq_sigmund, uniq_terence
D:3:      layout_basic, chequers_ecumenical_altar_grove
D:4:      layout_rooms
D:5:      layout_basic, nicolae_shop_self_help
D:6:      layout_loops_ring
D:7:      layout_loops_ring, minmay_temple_entry_statues_fountains,
          uniq_maurice, uniq_joseph, uniq_menkaure
D:8:      layout_loops_ring, nicolae_elyvilon_peaceful_grove,
          grunt_ministairs_3, kennysheep_generic_room_15, uniq_erica
D:9:      layout_cave_pools, jmf_multi_god_temple2, zombieorc2_lemuel,
          serial_co_window_serial, co_window_corner_a, co_window_paths_b,
          co_window_paths_a, co_window_paths_a, co_window_paths_a,
          co_window_corner_ca, co_window_2corner, co_window_corner_b,
          co_window_corner_b, co_window_paths_c, co_window_unsneaky_path_d,
          co_window_broadway_a, co_window_paths_d, glass_columns_b,
          glass_columns_c, nicolae_shop_gadgets
D:10:     layout_cave_pools, kennysheep_mini, lair_entry_dummy,
          nicolae_trove_entry_crossroad, muffindrake_ghost_dual_entry,
          grunt_ministairs_2, nicolae_shop_firing_range
D:11:     layout_cave_pools, portal_ice_cave_entry_pillars_2, serial_shops,
          nicolae_shop_pleasant_corner_grove, nicolae_shop_hallway_stairs,
          nicolae_shop_crystal, nicolae_lakefront_shop,
          nicolae_shop_gaudy_bauble, st_stairs_8, item_on_display_a
Temple:   eino_narrow_crystal_temple

Skill      XL: |  1  2  3  4  5  6  7  8  9 10 11 |
---------------+----------------------------------+-----
Stealth        | 1 2 3 4 6 8 9 10 | 10.1
Fighting       | 3 4 5 6 8 9 |  9.6
Polearms       | 5 7 8 9 |  9.5
Dodging        | 5 6 7 8 10 11 | 11.7
Long Blades    | 2 3 5 7 8 9 |  9.5
Throwing       | |  2.0

Action                     |  1- 3 |  4- 6 |  7- 9 | 10-12 || total
---------------------------+-------+-------+-------+-------++-------
  Melee: Trident           |    98 |    14 |       |       ||   112
         Punch             |     2 |       |     1 |       ||     3
         Halberd           |       |    18 |   132 |   304 ||   454
         Long sword        |       |    56 |    32 |       ||    88
         Tailslap          |       |       |     2 |       ||     2
  Throw: Throwing net      |     1 |     3 |       |       ||     4
         Javelin           |       |       |       |     1 ||     1
 Invoke: Berserk           |       |       |       |     2 ||     2
  Evoke: Wand              |       |       |    13 |     1 ||    14
    Use: Scroll            |       |       |    11 |     5 ||    16
   Stab: Sleeping          |     4 |     8 |    11 |     7 ||    30
         Held in net/web   |     1 |       |       |       ||     1
         Distracted        |       |       |       |     4 ||     4
 Armour: Leather armour    |    34 |    23 |    68 |   119 ||   244
         Acid dragon scale |       |       |       |     7 ||     7
  Dodge: Dodged            |    48 |    46 |   148 |   358 ||   600
